PA
WALLA WALLA WALLEYE @ CHICAGO TULA
07/25/2034
 
TOP OF THE 1ST
Walla Walla Walleye batting - Pitching for Chicago Tula : RHP Kingston Liniak
Pitching: RHP Kingston Liniak
Batting: LHB Juan Huerta 0-0: Swinging Strike
0-1: Ball
1-1: Foul Ball, location: 2F
1-2: Strikes out looking
Batting: RHB Isagani Gorre 0-0: Fly out, F6 (Line Drive, 6)
Batting: RHB Igme Samson 0-0: Swinging Strike
0-1: Fly out, F1 (Line Drive, 15)
Top of the 1st over - 0 runs, 0 hits, 0 errors, 0 left on base; Walla Walla 0 - Chicago 0
BOTTOM OF THE 1ST
Chicago Tula batting - Pitching for Walla Walla Walleye : RHP Ricky Parker
Pitching: RHP Ricky Parker
Batting: RHB Lenny Penaligan 0-0: Called Strike
0-1: Ball
1-1: Foul Ball, location: 2F
1-2: Ground out 6-3 (Groundball, 56)
Batting: SHB Naif Na'Il bin Musa 0-0: Called Strike
0-1: Fly out, F5 (Popup, 15)
Batting: RHB Eric Deweese 0-0: Fly out, F5 (Line Drive, 6)
Bottom of the 1st over - 0 runs, 0 hits, 0 errors, 0 left on base; Walla Walla 0 - Chicago 0
TOP OF THE 2ND
Walla Walla Walleye batting - Pitching for Chicago Tula : RHP Kingston Liniak
Batting: RHB Raúl Maradona 0-0: Ball
1-0: Foul Ball, location: 2F
1-1: Ball
2-1: SINGLE (Line Drive, 7S)
Batting: RHB Germán Gracía 0-0: Foul Ball, location: 2F
0-1: Called Strike
0-2: Ball
1-2: Foul Ball, location: 2F
1-2: Ball
2-2: Strikes out looking
Batting: RHB William Harper 0-0: Called Strike
0-1: Ball
1-1: Ball
2-1: Foul Ball, location: 2F
2-2: Ball
3-2: Base on Balls
Raúl Maradona to second
Batting: RHB Gustavo Ortíz 0-0: Ball
1-0: Ball
2-0: Ball
3-0: Base on Balls
Raúl Maradona to third
William Harper to second
Batting: RHB Manny Moons 0-0: Fielders Choice at 3rd, U5 (Groundball, 5L)
Raúl Maradona scores
Gustavo Ortíz to second
Batting: RHB Enrique Torres 0-0: Ball
1-0: Ball
2-0: Foul Ball, location: 2F
2-1: SINGLE (Groundball, 56D)
Gustavo Ortíz to third
Manny Moons to second
Runner from 3rd tries for Home, SAFE, no throw
Batting: LHB Juan Huerta 0-0: Ball
1-0: Foul Ball, location: 2F
1-1: Ground out U3 (Groundball, 34)
Top of the 2nd over - 2 runs, 2 hits, 0 errors, 2 left on base; Walla Walla 2 - Chicago 0
BOTTOM OF THE 2ND
Chicago Tula batting - Pitching for Walla Walla Walleye : RHP Ricky Parker
Batting: LHB Pancho González 0-0: Called Strike
0-1: Foul Ball, location: 2F
0-2: Ball
1-2: Strikes out swinging
Batting: SHB Sean Worley 0-0: Swinging Strike
0-1: Foul Ball, location: 2F
0-2: Ball
1-2: Ground out 5-3 (Groundball, 5)
Batting: RHB Frank de Blooys 0-0: Ball
1-0: Foul Ball, location: 2F
1-1: Ground out 6-3 (Groundball, 6)
Bottom of the 2nd over - 0 runs, 0 hits, 0 errors, 0 left on base; Walla Walla 2 - Chicago 0
TOP OF THE 3RD
Walla Walla Walleye batting - Pitching for Chicago Tula : RHP Kingston Liniak
Batting: RHB Isagani Gorre 0-0: Ball
1-0: Ball
2-0: SINGLE (Flyball, 7LM)
Batting: RHB Igme Samson 0-0: Ball
1-0: Called Strike
1-1: Foul Ball, location: 2F
1-2: Strikes out looking
Batting: RHB Raúl Maradona 0-0: Foul Ball, location: 2F
0-1: Ball
1-1: Ball
2-1: Ball
3-1: Foul Ball, location: 2F
3-2: Foul Ball, location: 2F
3-2: SINGLE (Groundball, 4D)
Isagani Gorre to second
Isagani Gorre to third
Batting: RHB Germán Gracía 0-0: Called Strike
0-1: Fielders Choice at 2nd, 6-4 (Groundball, 6)
Isagani Gorre scores
Now at 2B: Fernando Flores
Batting: RHB William Harper 0-0: Foul Ball, location: 2F
0-1: Foul Ball, location: 2F
0-2: Ball
1-2: Foul Ball, location: 2F
1-2: Ball
2-2: Ball
3-2: Ground out 5-3 (Groundball, 5)
Top of the 3rd over - 1 run, 2 hits, 0 errors, 1 left on base; Walla Walla 3 - Chicago 0
BOTTOM OF THE 3RD
Chicago Tula batting - Pitching for Walla Walla Walleye : RHP Ricky Parker
Batting: RHB Lorenzo Varela 0-0: Ball
1-0: Foul Ball, location: 2F
1-1: Foul Ball, location: 2F
1-2: SINGLE (Line Drive, 7S)
Batting: RHB Brian Rowe 0-0: Ball
1-0: Called Strike
1-1: Ball
2-1: TRIPLE (Flyball, 89XD)
Lorenzo Varela scores
Batting: RHB Tae-wan Kim 0-0: Called Strike
0-1: Ball
1-1: Ball
2-1: TRIPLE (Flyball, 9D)
Brian Rowe scores
Batting: RHB Fernando Flores 0-0: Called Strike
0-1: Ground out 5-3 (Groundball, 56S)
Tae-wan Kim scores
Batting: SHB Naif Na'Il bin Musa 0-0: Ball
1-0: Ball
2-0: SINGLE (Groundball, 34D)
Batting: RHB Eric Deweese 0-0: Ball
1-0: Ball
Throwing error on steal attempt, E2
Naif Na'Il bin Musa to third
2-0: Ball
3-0: Called Strike
3-1: Called Strike
3-2: Base on Balls
Batting: LHB Pancho González 0-0: Called Strike
0-1: Ball
1-1: Called Strike
1-2: Strikes out swinging
Batting: SHB Sean Worley 0-0: Called Strike
0-1: Ball
1-1: Ground out 5-3 (Groundball, 6MS)
Bottom of the 3rd over - 3 runs, 4 hits, 1 error, 2 left on base; Walla Walla 3 - Chicago 3
TOP OF THE 4TH
Walla Walla Walleye batting - Pitching for Chicago Tula : RHP Kingston Liniak
Batting: RHB Gustavo Ortíz 0-0: Ball
1-0: Ball
2-0: Ball
3-0: Called Strike
3-1: Base on Balls
Batting: RHB Manny Moons 0-0: Ball
1-0: Ball
2-0: Called Strike
2-1: Ground out 5-3 (Groundball, 56S)
Gustavo Ortíz to second
Batting: RHB Enrique Torres 0-0: Reached on error, E5 (Groundball, 56)
Gustavo Ortíz to third
Batting: LHB Juan Huerta 0-0: Ball
1-0: SINGLE (Groundball, 6D)
Gustavo Ortíz scores
Enrique Torres to second
Batting: RHB Isagani Gorre 0-0: Ball
Enrique Torres steals 3rd base
1-0: Ball
2-0: Fly out, F3 (Popup, 3SF)
Batting: RHB Igme Samson 0-0: Ball
1-0: Ball
2-0: Ball
3-0: Called Strike
3-1: Foul Ball, location: 2F
3-2: Ground out 1-3 (Groundball, 13)
Top of the 4th over - 1 run, 1 hit, 1 error, 2 left on base; Walla Walla 4 - Chicago 3
BOTTOM OF THE 4TH
Chicago Tula batting - Pitching for Walla Walla Walleye : RHP Ricky Parker
Batting: RHB Frank de Blooys 0-0: Fly out, F7 (Flyball, 7S)
Batting: RHB Lorenzo Varela 0-0: Foul Ball, location: 2F
0-1: Ball
1-1: Swinging Strike
1-2: Strikes out swinging
Batting: RHB Brian Rowe 0-0: Ground out 1-3 (Groundball, 13S)
Bottom of the 4th over - 0 runs, 0 hits, 0 errors, 0 left on base; Walla Walla 4 - Chicago 3
TOP OF THE 5TH
Walla Walla Walleye batting - Pitching for Chicago Tula : RHP Kingston Liniak
Batting: RHB Raúl Maradona 0-0: Called Strike
0-1: Called Strike
0-2: Foul Ball, location: 2F
0-2: Foul Ball, location: 2F
0-2: Foul Ball, location: 2F
0-2: Ball
1-2: Ball
2-2: Ground out 4-3 (Groundball, 4S)
Batting: RHB Germán Gracía 0-0: Ball
1-0: Fly out, F8 (Flyball, 8RD)
Batting: RHB William Harper 0-0: Fly out, F7 (Line Drive, 7)
Top of the 5th over - 0 runs, 0 hits, 0 errors, 0 left on base; Walla Walla 4 - Chicago 3
BOTTOM OF THE 5TH
Chicago Tula batting - Pitching for Walla Walla Walleye : RHP Ricky Parker
Batting: RHB Tae-wan Kim 0-0: Ground out 4-3 (Groundball, 4)
Batting: RHB Fernando Flores 0-0: Called Strike
0-1: Swinging Strike
0-2: Ground out 6-3 (Groundball, 6)
Batting: SHB Naif Na'Il bin Musa 0-0: DOUBLE (Line Drive, 8LXD)
Batting: RHB Eric Deweese 0-0: Ground out 5-3 (Groundball, 56)
Bottom of the 5th over - 0 runs, 1 hit, 0 errors, 1 left on base; Walla Walla 4 - Chicago 3
TOP OF THE 6TH
Walla Walla Walleye batting - Pitching for Chicago Tula : RHP Kingston Liniak
Batting: RHB Gustavo Ortíz 0-0: Ground out 4-3 (Groundball, 4MS)
Batting: RHB Manny Moons 0-0: SINGLE (Groundball, 34D)
Batting: RHB Enrique Torres 0-0: Called Strike
0-1: Called Strike
0-2: Ball
1-2: Fly out, F9 (Line Drive, 9LD)
Batting: LHB Juan Huerta 0-0: Foul Ball, location: 2F
0-1: Ball
1-1: SINGLE (Line Drive, 34D)
Manny Moons to second
Runner from 2nd tries for 3rd, SAFE, no throw
Batting: RHB Isagani Gorre 0-0: Foul Ball, location: 2F
0-1: Ball
1-1: Ball
2-1: Swinging Strike
2-2: Strikes out swinging
Top of the 6th over - 0 runs, 2 hits, 0 errors, 2 left on base; Walla Walla 4 - Chicago 3
BOTTOM OF THE 6TH
Chicago Tula batting - Pitching for Walla Walla Walleye : RHP Ricky Parker
Batting: LHB Pancho González 0-0: Ball
1-0: Called Strike
1-1: Ball
2-1: Foul Ball, location: 2F
2-2: Ground out 3-1 (Groundball, 34)
Batting: SHB Sean Worley 0-0: Ball
1-0: Ball
2-0: Ball
3-0: Called Strike
3-1: Ground out 6-3 (Groundball, 6)
Batting: RHB Frank de Blooys 0-0: Called Strike
0-1: Foul Ball, location: 2F
0-2: Ball
1-2: Ball
2-2: Ground out 6-3 (Groundball, 6)
Bottom of the 6th over - 0 runs, 0 hits, 0 errors, 0 left on base; Walla Walla 4 - Chicago 3
TOP OF THE 7TH
Walla Walla Walleye batting - Pitching for Chicago Tula : RHP Kingston Liniak
Pitching: LHP Brooks Senetzer
Batting: RHB Igme Samson 0-0: Foul Ball, location: 2F
0-1: SINGLE (Line Drive, 9S)
Batting: RHB Raúl Maradona 0-0: Ball
1-0: Fielders Choice at 2nd, 1-6 (Groundball, P)
Batting: RHB Germán Gracía 0-0: Called Strike
0-1: Ball
1-1: Foul Ball, location: 2F
1-2: Grounds into double play, 6-4-3 (Groundball, 56)
Top of the 7th over - 0 runs, 1 hit, 0 errors, 0 left on base; Walla Walla 4 - Chicago 3
BOTTOM OF THE 7TH
Chicago Tula batting - Pitching for Walla Walla Walleye : RHP Ricky Parker
Batting: RHB Lorenzo Varela 0-0: Hit by Pitch
Batting: RHB Brian Rowe 0-0: Ball
1-0: Called Strike
1-1: Fly out, F9 (Flyball, 9LSF)
Batting: RHB Tae-wan Kim 0-0: Ball
1-0: Foul Ball, location: 2F
1-1: Ball
2-1: Fielders Choice at 2nd, 6-4 (Groundball, 56)
Batting: RHB Fernando Flores 0-0: Swinging Strike
0-1: Fly out, F7 (Flyball, 7S)
Bottom of the 7th over - 0 runs, 0 hits, 0 errors, 1 left on base; Walla Walla 4 - Chicago 3
TOP OF THE 8TH
Walla Walla Walleye batting - Pitching for Chicago Tula : LHP Brooks Senetzer
Batting: RHB William Harper 0-0: Called Strike
0-1: Swinging Strike
0-2: Ball
1-2: Strikes out looking
Batting: RHB Gustavo Ortíz 0-0: Ground out 4-3 (Groundball, 4)
Batting: RHB Manny Moons 0-0: Foul Ball, location: 2F
0-1: Ball
1-1: Ball
2-1: SINGLE (Line Drive, 34D)
Pinch Hitting: RHB Ralph Sands 0-0: Called Strike
0-1: Ball
1-1: Foul Ball, location: 2F
1-2: Ground out 4-3 (Groundball, 34D)
Top of the 8th over - 0 runs, 1 hit, 0 errors, 1 left on base; Walla Walla 4 - Chicago 3
BOTTOM OF THE 8TH
Chicago Tula batting - Pitching for Walla Walla Walleye : RHP Ricky Parker
Pitching: RHP Jasper Jordan
Now in LF: William Morgan
Batting: SHB Naif Na'Il bin Musa 0-0: Fly out, F9 (Flyball, 9)
Batting: RHB Eric Deweese 0-0: Called Strike
0-1: Swinging Strike
0-2: Foul Ball, location: 2F
0-2: Ball
1-2: Ball
2-2: Foul Ball, location: 2F
2-2: SINGLE (Flyball, 7S)
Pinch Runner at 1st Pat Hopkins:
Batting: LHB Pancho González 0-0: Grounds out, U3 (Groundball, 3L)
Batting: SHB Sean Worley 0-0: Swinging Strike
0-1: Ball
1-1: Fly out, F8 (Line Drive, 8LM)
Bottom of the 8th over - 0 runs, 1 hit, 0 errors, 1 left on base; Walla Walla 4 - Chicago 3
TOP OF THE 9TH
Walla Walla Walleye batting - Pitching for Chicago Tula : LHP Brooks Senetzer
Pitching: RHP Peer Aarsen
Now at 3B: Charlie Passell
Batting: LHB Juan Huerta 0-0: Ball
1-0: Ground out 5-3 (Groundball, 56)
Batting: RHB Isagani Gorre 0-0: Called Strike
0-1: Swinging Strike
0-2: Ball
1-2: Ball
2-2: Foul Ball, location: 2F
2-2: Foul Ball, location: 2F
2-2: Ball
3-2: Strikes out swinging
Batting: RHB Igme Samson 0-0: Called Strike
0-1: Ball
1-1: Ground out 1-3 (Groundball, 13)
Top of the 9th over - 0 runs, 0 hits, 0 errors, 0 left on base; Walla Walla 4 - Chicago 3
BOTTOM OF THE 9TH
Chicago Tula batting - Pitching for Walla Walla Walleye : RHP Jasper Jordan
Batting: RHB Frank de Blooys 0-0: Ball
1-0: Ball
2-0: Called Strike
2-1: Foul Ball, location: 2F
2-2: SINGLE (Line Drive, 8RS)
Batting: RHB Lorenzo Varela 0-0: Ball
1-0: Ball
2-0: Grounds into double play, 6-4-3 (Groundball, 56)
Batting: RHB Brian Rowe 0-0: Swinging Strike
0-1: Ball
1-1: Foul Ball, location: 2F
1-2: Strikes out looking
Bottom of the 9th over - 0 runs, 1 hit, 0 errors, 0 left on base; Walla Walla 4 - Chicago 3
Friday, March 29th, 2019 - OOTP Baseball 18.8 Build 76